 Dungeon Crawl Stone Soup version 0.18-a0-965-g9200175 (webtiles) character file.

28 4thArraOfDagon the Skirmisher (level 2, -3/26 HPs)
             Began as a Centaur Artificer on Jan 1, 2016.
             Slain by an ogre
             ... wielding a +0 giant club
              (18 damage)
             ... on level 3 of the Dungeon.
             The game lasted 00:01:52 (253 turns).

4thArraOfDagon the Skirmisher (Centaur Artificer)    Turns: 253, Time: 00:01:52

Health: -3/26      AC:  4    Str: 13    XL:     2   Next: 96%
Magic:  13/13      EV:  9    Int: 11    God:
Gold:   40         SH:  0    Dex:  9    Spells: 0 memorised, 1 level left

rFire  . . .     SeeInvis .     a - +0 short sword
rCold  . . .     Gourm    .     b - +0 leather armour
rNeg   . . .     Faith    .     (no shield)
rPois  .         Spirit   .     (no helmet)
rElec  .         Dismiss  .     (no cloak)
rCorr  .         Reflect  .     (no gloves)
SustAt .         Harm     .     (no barding)
MR     +....                    (no amulet)
Stlth  +.........               k - ring of protection from magic
                                j - ring of magical power

@: very quick, somewhat resistant to hostile enchantments, very unstealthy
A: hooves 3, deformed body, speed 2, tough skin 3
a: no special abilities


You were on level 3 of the Dungeon.
You were not hungry.

You visited 1 branch of the dungeon, and saw 3 of its levels.

You collected 40 gold pieces.

Inventory:

Hand Weapons
 a - a +0 short sword (weapon)
Armour
 b - a +0 leather armour (worn)
Jewellery
 j - a ring of magical power (left hand)
 k - a ring of protection from magic (right hand)
Wands
 c - a wand of flame (6/48)
 d - a wand of enslavement (15/24)
 e - a wand of random effects (11/48)
Scrolls
 g - a scroll of amnesia {unknown}
 h - a scroll of immolation {unknown}
 i - a scroll of enchant weapon {unknown}
Comestibles
 f - a bread ration


   Skills:
 + Level 3.0 Fighting
 - Level 0.8 Short Blades
 - Level 1.3 Dodging
 - Level 0.5 Stealth
 - Level 2.6 Evocations


You had one spell level left.
You didn't know any spells.

Dungeon Overview and Level Annotations

Branches:
Dungeon (3/15)

Altars:


Innate Abilities, Weirdness & Mutations

You have hooves in place of feet.
Armour fits poorly on your strangely shaped body.
You cover ground very quickly.
You have extremely tough skin (AC +3).


Message History

This wand has 8 charges left.
Unknown command.
Evoke which item? (* to show all) (? for menu, Esc to quit)
Okay, then.
Evoke which item? (* to show all) (? for menu, Esc to quit)
Zapping:
c - a wand of flame (8/48)
Press: ? - help, Shift-Dir - straight line, f - ogre, p - gnoll
Aim: an ogre, wielding a giant club (severely wounded)
The puff of flame hits the ogre.
The ogre is almost dead.
This wand has 7 charges left.
Evoke which item? (* to show all) (? for menu, Esc to quit)
Zapping:
c - a wand of flame (7/48)
Press: ? - help, Shift-Dir - straight line, f/p - ogre
Aim: an ogre, wielding a giant club (almost dead)
The puff of flame hits the ogre.
The ogre is almost dead.
This wand has 6 charges left.
The ogre hits you with a giant club!!
Ouch! That really hurt!
You die...

.♣♣.♣♣♣....#####
...♣...♣♣♣.....## .
.....♣...[♣♣♣...# .
.(........♣..♣..### .#
..P......#.♣..>...##.#
#)##P...#......#..#..#
#..#......r...##.....+
#..#..P.#....g....#
##+#P...#.PP♣P.O@.#
...........♣.♣♣♣#.#
......P...♣P.♣ ...
.........♣♣♣.. .##.#
....♣.♣.♣. ♣♣♣♣ ## ..
.♣P♣.♣.♣ ## ♣.♣.♣.♣
♣♣.♣♣ P ♣♣


You could see an ogre, a gnoll and a river rat.

Vanquished Creatures
  A gnoll (D:3)
  An ooze (D:1)
  A giant gecko (D:3)
  An orc (D:3)
  2 bats (D:1)
  3 goblins
  A hobgoblin (D:3)
  A giant newt (D:3)
  A kobold (D:1)
  A rat (D:1)
13 creatures vanquished.

Notes
Turn   | Place    | Note
--------------------------------------------------------------
     0 | D:1      | 4thArraOfDagon the Centaur Artificer began the quest for the Orb.
     0 | D:1      | Reached XP level 1. HP: 16/16 MP: 2/2
    92 | D:1      | Reached XP level 2. HP: 11/24 MP: 4/4
   209 | D:3      | Noticed an ogre
   242 | D:3      | Reached skill level 3 in Fighting
   253 | D:3      | Slain by an ogre

Vault maps used:
D:1:      sevenhm_arrival_forest_fort_small_6, minivault_26, st_stairs_3,
          minmay_misc_feat_encased
D:2:      lemuel_round_altar, lemuel_coloured_pillars_altar,
          minmay_misc_feat_plants
D:3:      wad_woods_settlement, lemuel_doored_altar

Action                   || total
-------------------------++-------
Melee: Short sword       ||    25
Evoke: Wand              ||    13
